 Dungeon Crawl Stone Soup version 0.30-a0-297-g0ec75d9ef4 (webtiles) character file.

Game seed: 8267426236366024681

35 Harunobu the Stinger (level 3, -4/21 HPs)
             Began as an Octopode Venom Mage on Oct 18, 2022.
             Slain by a gnoll
             ... wielding a +0 spear
              (10 damage)
             ... on level 1 of the Dungeon.
             The game lasted 00:02:33 (1571 turns).

Harunobu the Stinger (Octopode Venom Mage)          Turns: 1571, Time: 00:02:33

Health: -4/21      AC:  1    Str:  9    XL:     3   Next: 33%
Magic:  3/6        EV: 13    Int: 17    God:
Gold:   23         SH:  0    Dex: 12    Spells: 5/6 levels left

rFire   . . .      SeeInvis .    (no weapon)
rCold   . . .      Faith    .    (no shield)
rNeg    . . .      Spirit   .    (helmet restricted)
rPois   .          Reflect  .    (no amulet)
rElec   .          Harm     .    (no ring)
rCorr   .          Rampage  .    (no ring)
Will    .....                    (no ring)
Stlth   +++.......               (no ring)
HPRegen 0.23/turn                (no ring)
MPRegen 0.10/turn                (no ring)
                                 (no ring)
                                 (no ring)

@: very slightly contaminated
A: almost no armour, amphibious, 8 rings, camouflage 1, gelatinous body 1,
(nimble swimmer 1), tentacles
a: no special abilities


You were on level 1 of the Dungeon.
You visited 1 branch of the dungeon, and saw 2 of its levels.

You collected 23 gold pieces.

Inventory:

Scrolls
 d - a scroll of brand weapon {unknown}
Potions
 a - a potion of magic
 b - a potion of resistance {unknown}
 c - a potion of heal wounds {unknown}
 e - 2 potions of curing {unknown}


   Skills:
 + Level 2.3 Dodging
 + Level 3.3 Stealth
 + Level 2.3 Spellcasting
 + Level 1.5 Transmutations
 + Level 4.0 Poison Magic


You had 5 spell levels left.
You knew the following spells:

 Your Spells              Type           Power      Damage    Failure   Level
a - Sting                 Tmut/Pois      44%        1d5       6%          1

Your spell library contained the following spells:

 Spells                   Type           Power      Damage    Failure   Level
 Poisonous Vapours        Pois/Air       16%        N/A       12%         2
 Mephitic Cloud           Conj/Pois/Air  6%         N/A       32%         3
 Olgreb's Toxic Radiance  Pois           15%        N/A       34%         4


Dungeon Overview and Level Annotations

Branches:
Dungeon (2/15)

Altars:


Innate Abilities, Weirdness & Mutations

You cannot wear most types of armour.
You are amphibious.
You can wear up to eight rings at the same time.
Your skin changes colour to match your surroundings (Stealth+).
Your rubbery body absorbs attacks. (AC +1, EV +1)
((You are camouflaged when in or above water. (Stealth+)))
You have tentacles for arms and can constrict up to eight enemies at once.


Message History

Things that are here:
a rat corpse; a giant cockroach corpse
There is a stone staircase leading down here.
You climb downwards.
The gnoll misses you.
There is a stone staircase leading up here.
The gnoll hits you with a +0 spear!
The gnoll hits you from afar with a +0 spear.
You climb upwards.
There is a stone staircase leading down here.
Casting: Sting (safe; 6% risk of failure)
Confirm with . or Enter, or press ? or * to list all spells.
Aiming: Sting (safe; 6% risk of failure)
Press: ? - help, Shift-Dir - straight line, f - gnoll
Aim: a gnoll, wielding a +0 spear (75% to hit)
The sting hits the gnoll.
The gnoll is poisoned.
The gnoll is moderately wounded.
The gnoll hits you but does no damage. The gnoll hits you with a +0 spear.
* * * LOW HITPOINT WARNING * * *
Things that are here:
a rat corpse; a giant cockroach corpse The gnoll hits you from afar with a +0 spear.
* * * LOW HITPOINT WARNING * * *
Casting: Sting (safe; 6% risk of failure)
Confirm with . or Enter, or press ? or * to list all spells.
Aiming: Sting (safe; 6% risk of failure)
Press: ? - help, Shift-Dir - straight line, f/p - gnoll
Aim: a gnoll, wielding a +0 spear (heavily wounded, poisoned, 75% to hit)
You miscast Sting.
You are very lightly contaminated with residual magic.
Nothing appears to happen.
The gnoll barely misses you.
Casting: Sting (safe; 6% risk of failure)
Confirm with . or Enter, or press ? or * to list all spells.
Aiming: Sting (safe; 6% risk of failure)
Press: ? - help, Shift-Dir - straight line, f/p - gnoll
Aim: a gnoll, wielding a +0 spear (heavily wounded, poisoned, 75% to hit)
The sting hits the gnoll.
The gnoll looks even sicker.
The gnoll is severely wounded.
The gnoll hits you from afar with a +0 spear!
You die...

### ### ###
#.#####.#########.# #
#....@..#.........####
#.#####g##.######....#
#.# #†##.#....#..#.#
#.# #>).....#.#..#.#
##.########.#..#.#..#.#
#...........#..#.#..#.#
#############..#.#..#†#
#..#.#..#.# #.)#.#.....


You could see a gnoll (very poisoned).

Vanquished Creatures
  3 endoplasms (D:1)
  2 giant cockroaches (D:1)
  4 goblins (D:1)
  5 hobgoblins (D:1)
  3 jackals (D:1)
  A quokka (D:1)
  2 ball pythons (D:1)
  4 bats (D:1)
  A frilled lizard (D:2)
  3 kobolds (D:1)
  2 rats (D:1)
30 creatures vanquished.

Notes
Turn   | Place    | Note
-------+----------+-------------------------------------------
     0 | D:1      | Harunobu the Octopode Venom Mage began the quest for the
                  | Orb.
     0 | D:1      | Reached XP level 1. HP: 11/11 MP: 3/3
   176 | D:1      | Reached XP level 2. HP: 16/17 MP: 3/5
   779 | D:1      | Reached XP level 3. HP: 16/21 MP: 3/6
   918 | D:1      | Reached skill level 4 in Poison Magic
  1571 | D:1      | Slain by a gnoll

Illustrated notes

Levels and vault maps discovered:
D:1:      co_arrival_two_rings, layout_basic
D:2:      layout_rooms, serial_shops, shop_fountains, kennysheep_generic_room_4

Skill      XL: |  1  2  3 |
---------------+----------+-----
Stealth        | 3 |  3.3
Poison Magic   | 4 |  4.0
Dodging        | |  2.3
Spellcasting   | |  2.3
Transmutations | |  1.5

Action                   || total
-------------------------++-------
Melee: Unarmed           ||     1
 Cast: Sting             ||    51
Armor: Skin              ||     7
Dodge: Dodged            ||    53

Table legend: (Time is in decaauts)
 A = Elapsed time spent in this place.
 B = Non-inter-level travel time spent in this place.
 C = Inter-level travel time spent in this place.
 D = Time resting spent in this place.
 E = Time spent auto-exploring this place.
 F = Levels seen in this place.
 G = Mean time per level.
                   A        B        C        D        E       F      G
               +--------+--------+--------+--------+--------+-----+--------+
         Total |   1574 |   1515 |     59 |    534 |    717 |   2 |  787.0 |
       Dungeon |   1574 |   1515 |     59 |    534 |    717 |   2 |  787.0 |
               +--------+--------+--------+--------+--------+-----+--------+

Top non-repeatable levels by time:
     D:1: 1536 daAuts
     D:2: 38 daAuts
